 Dungeon Crawl Stone Soup version 0.30.0-29-ga12c61a403 (webtiles) character file.

Game seed: 14290690304478893841

77 AIAndy the Charlatan (level 4, 0/29 (37) HPs)
             Began as a Demonspawn Wanderer on June 18, 2023.
             Slain by Terence
             ... wielding a +2 mace of draining
              (3 damage)
             ... on level 3 of the Dungeon.
             The game lasted 00:08:18 (1951 turns).

AIAndy the Charlatan (Demonspawn Wanderer)          Turns: 1951, Time: 00:08:19

HP:   0/29 (37)     AC:  6    Str: 19    XL:     4   Next: 13%
MP:   5/5           EV: 10    Int: 12    God:
Gold: 108           SH:  0    Dex:  9    Spells: 4/5 levels left

rFire   . . .        a - +0 hand axe
rCold   . . .        (no shield)
rNeg    . . .        m - +0 ring mail
rPois   .            p - +0 helmet
rElec   .            (no cloak)
rCorr   .            (no gloves)
SInv    .            (no boots)
Will    .....        (no amulet)
Stlth   +            (no ring)
HPRegen 0.24/turn    (no ring)
MPRegen 0.09/turn

%: no passive effects
@: heavily drained
A: hooves 1
a: no special abilities


You were on level 3 of the Dungeon.
You visited 1 branch of the dungeon, and saw 3 of its levels.

You collected 108 gold pieces.

Inventory:

Hand Weapons
 a - a +0 hand axe (weapon)
Armour
 m - a +0 ring mail (worn)
 p - a +0 helmet (worn)
Jewellery
 n - a ring of see invisible
Wands
 d - a wand of flame (19)
Scrolls
 e - 5 scrolls of identify {unknown}
 f - a scroll of amnesia {unknown}
 k - 4 scrolls of magic mapping {unknown}
 l - 2 scrolls of torment {unknown}
 r - a scroll of poison {unknown}
 t - a scroll of silence {unknown}
 u - a scroll of fog {unknown}
Potions
 c - a potion of attraction
 g - a potion of cancellation {unknown}
 h - 4 potions of lignification {unknown}
 i - a potion of degeneration {unknown}
 j - 2 potions of heal wounds {unknown}
 o - a potion of curing {unknown}
 q - a potion of might {unknown}
Miscellaneous
 b - a piece from Xom's chessboard (15/15)


   Skills:
 + Level 3.8 Fighting
 - Level 1.0 Axes
 - Level 1.0 Stealth
 - Level 1.0 Spellcasting
 - Level 1.7 Air Magic
 - Level 1.2 Invocations
 - Level 4.0 Evocations


You had 4 spell levels left.
You knew the following spells:

 Your Spells              Type           Power      Damage    Failure   Level
a - Shock                 Conj/Air       8%         1d3       36%         1

Your spell library contained the following spells:

 Spells                   Type           Power      Damage    Failure   Level
 Vhi's Electric Charge    Tloc/Air       4%         N/A       73%         3
 Mephitic Cloud           Conj/Pois/Air  2%         N/A       77%         3


Dungeon Overview and Level Annotations

Branches:
Dungeon (3/15)

Altars:

Annotations:
D:3 Terence


Innate Abilities, Weirdness & Mutations

You have large cloven feet.


Message History

Throw: 3 darts (poison)
Press: ? - help, Q - select action, (/) - cycle Shift-Dir - straight line, f/p - Terence
Aim: Terence, wielding a +2 mace of draining and wearing a +0 scale mail of poison resistance (poisoned, 58% to hit)
You throw a poisoned dart. The poisoned dart hits Terence.
Throw: 2 darts (poison)
Press: ? - help, Q - select action, (/) - cycle Shift-Dir - straight line, f/p - Terence
Aim: Terence, wielding a +2 mace of draining and wearing a +0 scale mail of poison resistance (poisoned, 58% to hit)
You throw a poisoned dart.
The poisoned dart closely misses Terence.
Throw: dart (poison)
Press: ? - help, Q - select action, (/) - cycle Shift-Dir - straight line, f/p - Terence
Aim: Terence, wielding a +2 mace of draining and wearing a +0 scale mail of poison resistance (poisoned, 58% to hit)
You throw a poisoned dart. The poisoned dart hits Terence.
Terence looks even sicker.
You hit Terence.
Terence is moderately wounded.
Terence hits you with a +2 mace of draining!
You feel drained.
Terence hits you with a +2 mace of draining.
You feel drained.
You barely miss Terence. You kick Terence.
Terence is severely wounded.
Terence hits you with a +2 mace of draining.
You feel drained.
You closely miss Terence. You punch Terence.
Terence is severely wounded.
Terence hits you with a +2 mace of draining.
You feel drained.
You closely miss Terence.
Terence is severely wounded.
Terence hits you with a +2 mace of draining.
You feel drained.
You barely miss Terence. Your kick misses Terence.
Terence is almost dead.
Terence hits you with a +2 mace of draining.
You feel drained.
Terence hits you with a +2 mace of draining!
* * * LOW HITPOINT WARNING * * *
You feel drained.
You die...

###
....####################
..).....................
........................
((((.(@@................
.......########.........
####### ###...)......##
#............##
+............+.
#...........###
#...#####'### #...#
#..## ###...# ##..#


You could see Terence (poisoned).

Vanquished Creatures
  3 adders (D:2)
  A worm (D:2)
  3 dart slugs
  2 orcs (D:3)
  3 ball pythons
  An endoplasm (D:2)
  2 giant cockroaches (D:1)
  4 goblins
  5 hobgoblins
  6 kobolds
  A quokka (D:1)
  3 bats (D:2)
  A frilled lizard (D:2)
  3 rats
38 creatures vanquished.

Notes
Turn   | Place    | Note
-------+----------+-------------------------------------------
     0 | D:1      | AIAndy the Demonspawn Wanderer began the quest for the Orb.
     0 | D:1      | AIAndy set off with the following items: a +0 hand axe, a
                  | piece from Xom's chessboard (15/15), a potion of
                  | attraction, a +0 leather armour; and the following spell
                  | memorised: Shock; and the following spells available to
                  | memorise: Vhi's Electric Charge, Mephitic Cloud.
     0 | D:1      | Reached XP level 1. HP: 13/13 MP: 2/2
   181 | D:1      | Reached skill level 1 in Fighting
   311 | D:1      | Gained mutation: You have large cloven feet. [demonic
                  | ancestry]
   311 | D:1      | Reached XP level 2. HP: 12/22 MP: 3/3
  1033 | D:2      | Reached XP level 3. HP: 27/28 MP: 4/4
  1528 | D:2      | Reached XP level 4. HP: 31/37 MP: 0/5
  1941 | D:3      | Noticed Terence
  1951 | D:3      | Slain by Terence

Illustrated notes

Levels and vault maps discovered:
D:1:      amcnicky_arrival_double_pillar, layout_basic, minmay_misc_feat_chi
D:2:      minmay_door_path, layout_rooms, serial_curves, eino_curves_03,
          eino_curves_03
D:3:      layout_basic, shapermc_ecumenical_altar_hornbeckon,
          hangedman_decor_peaks_small, uniq_crazy_yiuf_cottage, uniq_terence

Skill      XL: |  1  2  3 |
---------------+----------+-----
Fighting       | 1 2 3 |  3.8
Axes           | |  1.0
Stealth        | |  1.0
Spellcasting   | |  1.0
Air Magic      | |  1.7
Invocations    | |  1.2
Evocations     | |  4.0

Action                     |  1- 3 |  4- 6 || total
---------------------------+-------+-------++-------
  Melee: Hand axe          |   100 |    17 ||   117
         Kick              |    11 |     5 ||    16
         Punch             |     2 |     2 ||     4
  Throw: Dart              |       |     8 ||     8
   Cast: Shock             |     4 |       ||     4
 Armour: Leather armour    |    17 |       ||    17
         Ring mail         |    14 |     2 ||    16
  Dodge: Dodged            |    62 |     5 ||    67
